 Dungeon Crawl Stone Soup version 0.24-a0-189-g5d897e9 (webtiles) character file.

Game seed: 6716329218969468881

224 Fr4nc3scaITA the Ruffian (level 6, -7/52 HPs)
             Began as a Ghoul Gladiator on Mar 17, 2019.
             Mangled by a killer bee (8 damage)
             ... on level 4 of the Dungeon.
             The game lasted 00:24:34 (3516 turns).

Fr4nc3scaITA the Ruffian (Ghoul Gladiator)          Turns: 3516, Time: 00:24:35

Health: -7/52      AC:  4    Str: 19    XL:     6   Next: 0%
Magic:  5/5        EV: 13    Int:  3    God:
Gold:   175        SH:  0    Dex: 11    Spells: 5/5 levels left

rFire    . . .     SeeInvis .     - Unarmed
rCold    + . .     Gourm    .   (no shield)
rNeg     + + +     Faith    .   a - +0 leather armour
rPois    ∞         Spirit   .   b - +0 helmet
rElec    .         Reflect  .   (no cloak)
rCorr    .         Harm     .   (no gloves)
MR       .....                  (no boots)
Stlth    +.........             (no amulet)
HPRegen  0.00/turn              (no ring)
MPRegen  0.09/turn              (no ring)

@: rotting
A: rotting body, claws 1, carnivore, cold resistance 1, negative energy
resistance 3, inhibited regeneration, torment resistance, unbreathing
a: no special abilities


You were on level 4 of the Dungeon.
You were not hungry.

You visited 1 branch of the dungeon, and saw 4 of its levels.

You collected 175 gold pieces.

Inventory:

Hand Weapons
 e - a +0 dagger
 i - a +0 hunting sling
 l - a +0 falchion
 m - a +0 hand axe
 n - a +0 dagger of freezing
 s - a +0 long sword
Missiles
 c - 3 throwing nets (quivered)
Armour
 a - a +0 leather armour (worn)
 b - a +0 helmet (worn)
 o - a +0 robe
Jewellery
 q - a cursed ring of teleportation
Scrolls
 f - 4 scrolls of teleportation {unknown}
 g - 6 scrolls of identify
 j - 2 scrolls of enchant armour {unknown}
 k - 2 scrolls of fear {unknown}
 t - a scroll of random uselessness {unknown}
 w - a scroll of blinking {unknown}
 x - a scroll of remove curse {unknown}
Potions
 p - a potion of haste {unknown}
 r - a potion of might {unknown}
 u - a potion of agility {unknown}
 v - a potion of invisibility {unknown}
Comestibles
 d - 4 rations


   Skills:
 + Level 4.2 Fighting
 - Level 1.7 Throwing
 + Level 4.0 Dodging
 + Level 4.8 Unarmed Combat


You had 5 spell levels left.
You didn't know any spells.
Your spell library was empty.

Dungeon Overview and Level Annotations

Branches:
Dungeon (4/15)
 Temple: D:4-7

Altars:
Nemelex Xobeh
Okawaru

Annotations:
D:4 1 runed translucent door, Ratty's ghost, novice DENe


Innate Abilities, Weirdness & Mutations

Your body is rotting away.
You thrive on raw meat.
You are immune to poison.
You have sharp fingernails.
You are carnivorous and can eat meat at any time.
Your flesh is cold resistant. (rC+)
You are immune to negative energy. (rN+++)
You do not regenerate when monsters are visible.
You are immune to unholy pain and torment.
You can survive without breathing.


Message History

The killer bee is moderately wounded.
You hear the rusting of a very distant drain.
The killer bee misses you. x2; The killer bee stings you.
* * * LOW HITPOINT WARNING * * *
The killer bee stings you but does no damage.
You closely miss the killer bee.
The killer bee is moderately wounded.
The killer bee closely misses you. The killer bee barely misses you.
The killer bee misses you. x2
You miss the killer bee.
The killer bee is moderately wounded.
The killer bee misses you.
The killer bee stings you but does no damage. x2
As you read the scroll labeled AXO NEMEYKUATH, it crumbles to dust.
It is a scroll of identify.
q - a cursed ring of teleportation The killer bee stings you!
* * * LOW HITPOINT WARNING * * *
The killer bee misses you. The killer bee stings you!
You die...

##...# ####....#####
.#.#...##...#
.....#......# ###
.#..........####.#
.#######...###...## ..###
#....#.....#
....####.......#..#
.##............#@##
..#...##.......yy#####
..#....#.....##.y....####
.......##.....##........#
........[.....###.......#
.........#.....#..###y..#
#..#.#..##......... ..##
#....#.... ....... ##.#
.........#.......##. ...


You could see 3 killer bees.

Vanquished Creatures
  A scorpion (D:4)
  A killer bee (D:4)
  A bullfrog skeleton (D:4)
  3 adders
  A worm (D:2)
  A dart slug (D:1)
  4 leopard geckos
  2 orcs
  3 giant cockroaches
  12 goblins
  6 hobgoblins
  2 ball pythons
  6 bats
  2 frilled lizards
  9 kobolds
  9 rats
63 creatures vanquished.

Notes
Turn   | Place    | Note
-------+----------+-------------------------------------------
     0 | D:1      | Fr4nc3scaITA the Ghoul Gladiator began the quest for the
                  | Orb.
     0 | D:1      | Reached XP level 1. HP: 17/17 MP: 0/0
    50 | D:1      | Reached XP level 2. HP: 14/25 MP: 1/1
   773 | D:1      | Reached XP level 3. HP: 28/28 MP: 2/2
  1512 | D:2      | Found an iron altar of Okawaru.
  1995 | D:2      | Reached XP level 4. HP: 33/33 MP: 3/3
  2750 | D:3      | Found a sparkling altar of Nemelex Xobeh.
  3214 | D:4      | Reached XP level 5. HP: 26/37 MP: 4/4
  3361 | D:4      | Found a runed translucent door.
  3409 | D:4      | Noticed Ratty's ghost (novice DENe)
  3498 | D:4      | Reached XP level 6. HP: 23/42 MP: 5/5
  3516 | D:4      | HP: 1/52 [killer bee (7)]
  3516 | D:4      | Mangled by a killer bee

Levels and vault maps discovered:
D:1:      tarquinn_simple_flora_water_f, layout_rooms, patterned_corridor
D:2:      layout_loops_ring, okawaru_ov_weapons_minmay
D:3:      layout_loops_ring, nemelex_lonely_heart_becter
D:4:      layout_cave_pools, portal_sewer_entry_b, gammafunk_ghost_grave

Skill      XL: |  1  2  3  4  5 |
---------------+----------------+-----
Dodging        | 3 4 |  4.0
Fighting       | 3 4 |  4.2
Unarmed Combat | 4 |  4.8
Throwing       | |  1.7

Action                   |  1- 3 |  4- 6 || total
-------------------------+-------+-------++-------
Melee: Unarmed           |   141 |   103 ||   244
       Punch             |     1 |     2 ||     3
  Use: Potion            |       |     4 ||     4
       Scroll            |       |     1 ||     1
  Eat: Chunk             |     1 |     5 ||     6
       Ration            |     1 |       ||     1
Armor: Leather armour    |    59 |    29 ||    88
Dodge: Dodged            |    99 |    83 ||   182

Table legend:
 A = Non-vault XP
 B = Vault XP
 C = Vault XP percentage of total XP
 D = Non-vault monster count
 E = Vault monster count
 F = Vault count percentage of total count
                 A         B        C        D         E       F
            +---------+---------+-------+---------+---------+-------
      Total |     320 |       0 |   0.0 |      63 |       0 |   0.0
            +---------+---------+-------+---------+---------+-------
        D:1 |      38 |       0 |   0.0 |      23 |       0 |   0.0
        D:2 |      48 |       0 |   0.0 |      21 |       0 |   0.0
        D:3 |      46 |       0 |   0.0 |      12 |       0 |   0.0
        D:4 |     188 |       0 |   0.0 |       7 |       0 |   0.0
            +---------+---------+-------+---------+---------+-------
